 Dungeon Crawl Stone Soup version bcrawl-1.21.3-2-g9d8a61a446 (webtiles) character file.

Game seed: 11016254255013112781

256 Anathary the Chopper (level 5, -1/42 HPs)
             Began as a Demonspawn Berserker on Apr 20, 2020.
             Was a Believer of Trog.
             Slain by Sigmund
             ... wielding a +1 scythe of flaming
              (11 damage)
             ... on level 4 of the Dungeon.
             The game lasted 00:06:03 (3664 turns).

Anathary the Chopper (Demonspawn Berserker)         Turns: 3664, Time: 00:06:04

Health: -1/42      AC:  5    Str: 18    XL:     5   Next: 92%
Magic:  0/5        EV: 12    Int:  9    God:    Trog [**....]
Gold:   162        SH:  0    Dex: 12    Spells: 4/4 levels left

rFire    . . .     SeeInvis .   a - +0 hand axe
rCold    . . .     Gourm    .   (no shield)
rNeg     . . .     Faith    .   b - +0 animal skin
rPois    .         Spirit   +   r - +0 helmet
rElec    .         Reflect  .   (no cloak)
rCorr    .         Harm     .   (no gloves)
MR       .....                  q - +1 pair of boots
Stlth    +.........             (no amulet)
HPRegen  0.14/turn              (no ring)
MPRegen  0.09/turn              (no ring)

@: no status effects
A: talons 2, magic shield
a: Berserk, Trog's Hand, Renounce Religion


You were on level 4 of the Dungeon.
You worshipped Trog.
Trog was pleased with you.
You were not hungry.

You visited 1 branch of the dungeon, and saw 4 of its levels.

You collected 162 gold pieces.

Inventory:

Hand Weapons
 a - a +0 hand axe (weapon)
Armour
 b - a +0 animal skin (worn)
 q - a +1 pair of boots (worn)
 r - a +0 helmet (worn)
Wands
 s - a wand of disintegration (4)
Scrolls
 d - 2 scrolls of fear {unknown}
 g - a scroll of immolation {unknown}
 i - 2 scrolls of magic mapping {unknown}
 l - 2 scrolls of remove curse {unknown}
 m - 5 scrolls of teleportation {unknown}
 n - 2 scrolls of identify {unknown}
 o - a scroll of blinking {unknown}
Potions
 c - a potion of might {unknown}
 f - a potion of degeneration {unknown}
 h - 2 potions of flight {unknown}
 j - 3 potions of curing {unknown}
 k - a potion of mutation {unknown}
 p - a potion of heal wounds {unknown}
Comestibles
 e - 2 rations {!d}


   Skills:
 + Level 4.0 Fighting
 * Level 5.4 Axes
 + Level 2.1 Armour
 - Level 1.7 Dodging


You had 4 spell levels left.
You didn't know any spells.
Your spell library was empty.

Dungeon Overview and Level Annotations

Branches:
Dungeon (4/12)
 Temple: D:4-7

Altars:
Ashenzari
Elyvilon
Vehumet

Annotations:
D:4 Sigmund


Innate Abilities, Weirdness & Mutations

You have razor-sharp toenails.
When hurt, damage is shared between your health and your magic reserves.


Message History

Found 121 bolts.
Found an escape hatch in the floor.
You see here a glowing dagger.
Sigmund the Dreaded comes into view.
He is wielding a +1 scythe of flaming.
Sigmund shouts!
Found a viscous inky potion.
Sigmund drinks a potion.
Sigmund flickers and vanishes!
Deactivating autopickup; reactivate with Ctrl-A.
You hit something. You hit something. Something hits you but does no damage.
You closely miss something. You hit something. Something hits you.
Something burns you.
You hit something. Something hits you. Something burns you.
You hit something. You barely miss something. Something hits you.
Something burns you.
You hit something. Something hits you! Something burns you.
You barely miss something. You barely miss something. Something hits you!
Something burns you.
* * * LOW HITPOINT WARNING * * *
You barely miss something. Something hits you!
You die...

########
#......
...... .....
#... #.. ##.#
#.####(#..!.#
#>....@{..#
#.###.###.#
..##.# .##
#.#.###.##.
....
#..).......
#....
##.#.###.##.
......#.##.#
.......<...#
........##.#


There were no monsters in sight!

Vanquished Creatures
  The ghost of gorpus the Conjurer, an amateur OpCj (D:3)
  A crimson imp (D:2)
  An orc wizard (D:3)
  A killer bee zombie (D:3)
  3 adders
  An ooze (D:1)
  A worm (D:2)
  2 dart slugs (D:3)
  4 leopard geckos (D:2)
  4 orcs (D:3)
  2 bats
  2 giant cockroaches (D:3)
  3 goblins (D:2)
  7 hobgoblins
  A jackal (D:3)
  13 kobolds
  3 quokkas
  2 ball pythons
  4 frilled lizards
  4 rats (D:1)
60 creatures vanquished.

Vanquished Creatures (others)
  A worm (D:3)
1 creature vanquished.

Grand Total: 61 creatures vanquished

Notes
Turn   | Place    | Note
-------+----------+-------------------------------------------
     0 | D:1      | Anathary the Demonspawn Berserker began the quest for the
                  | Orb.
     0 | D:1      | Reached XP level 1. HP: 18/18 MP: 1/1
   218 | D:1      | Reached skill level 3 in Axes
   218 | D:1      | Gained mutation: You have sharp toenails. [demonic
                  | ancestry]
   218 | D:1      | Reached XP level 2. HP: 24/24 MP: 2/2
  1086 | D:2      | Gained mutation: When hurt, damage is shared between your
                  | health and your magic reserves. [demonic ancestry]
  1086 | D:2      | Reached XP level 3. HP: 24/29 MP: 3/3
  1185 | D:2      | Reached ** piety under Trog
  1412 | D:2      | Found a white marble altar of Elyvilon.
  1927 | D:2      | Reached skill level 4 in Axes
  1927 | D:2      | Gained mutation: You have razor-sharp toenails. [demonic
                  | ancestry]
  1927 | D:2      | Reached XP level 4. HP: 33/36 MP: 4/4
  2461 | D:3      | Found a radiant altar of Vehumet.
  2488 | D:3      | Found a shattered altar of Ashenzari.
  2643 | D:3      | Reached XP level 5. HP: 22/42 MP: 2/5
  3218 | D:3      | Found a faded altar of an unknown god.
  3256 | D:3      | Reached skill level 5 in Axes
  3347 | D:3      | Found a runed translucent door.
  3348 | D:3      | Noticed gorpus's ghost (amateur OpCj)
  3373 | D:3      | Killed gorpus's ghost
  3652 | D:4      | Noticed Sigmund
  3664 | D:4      | Slain by Sigmund

Skill      XL: |  1  2  3  4  5 |
---------------+----------------+-----
Axes           | 3 4 5 |  5.4
Armour         | 2 |  2.1
Fighting       | 4 |  4.0
Dodging        | |  1.7

Action                   |  1- 3 |  4- 6 || total
-------------------------+-------+-------++-------
Melee: Hand axe          |   100 |    92 ||   192
       Kick              |    18 |    18 ||    36
 Stab: Sleeping          |       |     1 ||     1
  Eat: Ration            |     1 |     2 ||     3
Armor: Animal skin       |    12 |    17 ||    29
Dodge: Dodged            |    57 |    52 ||   109
